 Dungeon Crawl Stone Soup version 0.25-a0-1024-gbfbf38f2cb (webtiles) character file.

Game seed: 11814236473697145330, levelgen mode: deterministic

12904 Esekla the Carver (level 12, -1/112 HPs)
             Began as a Formicid Abyssal Knight on May 11, 2020.
             Was an Elder of Lugonu.
             Slain by Snorg (16 damage)
             ... on level 11 of the Dungeon on May 12, 2020.
             The game lasted 02:16:52 (16264 turns).

Esekla the Carver (Formicid Abyssal Knight)        Turns: 16264, Time: 02:16:52

Health: -1/112     AC: 15    Str: 18    XL:     12   Next: 26%
Magic:  4/23       EV: 14    Int: 13    God:    Lugonu [****..]
Gold:   102        SH:  0    Dex: 13    Spells: 17/26 levels left

rFire    . . .     SeeInvis +   a - +1 falchion (flame)
rCold    . . .     Gourm    .   (no shield)
rNeg     . . .     Faith    +   t - +2 robe {Archmagi}
rPois    +         Spirit   .   (helmet unavailable)
rElec    .         Reflect  .   E - scarf {cloud immunity}
rCorr    .         Harm     .   h - +1 pair of gloves
MR       +....                  n - +0 pair of boots
Stlth    +.........             e - amulet of faith
HPRegen  0.28/turn              y - ring of poison resistance
MPRegen  0.18/turn              (no ring)

@: icy armour, frozen ramparts
A: permanent stasis, dig shafts and tunnels, four strong arms, antennae 3, claws
1, robust 2, no potion heal 1
a: Dig, Shaft Self, Depart the Abyss, Bend Space, Banish, Corrupt, Renounce
Religion


You were on level 11 of the Dungeon.
You worshipped Lugonu.
Lugonu was greatly pleased with you.
You were not hungry.

You visited 3 branches of the dungeon, and saw 13 of its levels.
You visited the Abyss 2 times.

You collected 872 gold pieces.
You spent 770 gold pieces at shops.

Inventory:

Hand Weapons
 a - a +1 falchion of flaming (weapon)
 i - a +1 dagger of venom
 z - the +2 war axe "Ufiomo" {flame, +Inv}
   (You took it off an orc on level 8 of the Dungeon)

   It has been specially enchanted to burn those struck by it, causing extra
   injury to most foes and up to half again as much damage against particularly
   susceptible opponents.
   Big, fiery blades are also staple armaments of hydra-hunters.
   It lets you turn invisible.
 J - a +0 trident
 K - a +0 vorpal hunting sling
Missiles
 d - a boomerang
 o - 38 poisoned darts (quivered)
 r - 10 curare-tipped darts
 C - 5 javelins
 N - 7 silver boomerangs
Armour
 b - a +0 leather armour
 f - a +2 pair of boots
 h - a +1 pair of gloves (worn)
 n - a +0 pair of boots (worn)
 t - a +2 robe of the Archmagi (worn)
 E - a scarf of cloud immunity (worn)
Jewellery
 e - an amulet of faith (around neck)
 g - an uncursed ring of fire
 y - a ring of poison resistance (left hand)
 I - the ring "Jiv Feid" {rF+ rN+ Int+5 Dex+3}
   (You took it off an orc on level 8 of the Dungeon)

   [ring of dexterity]

   It affects your intelligence (+5).
   It affects your dexterity (+3).
   It protects you from fire.
   It protects you from negative energy.
Wands
 j - a wand of disintegration (7)
 B - a wand of polymorph (21)
 D - a wand of flame (18)
 F - a wand of digging (7)
 O - a wand of enslavement (8)
Scrolls
 k - a scroll of amnesia
 p - 6 scrolls of magic mapping
 q - a scroll of fog
 s - 4 scrolls of remove curse
 u - 2 scrolls of immolation
 v - 4 scrolls of fear
 A - 2 scrolls of enchant weapon {unknown}
 G - a scroll of silence {unknown}
 H - 6 scrolls of identify
 L - a scroll of enchant armour
 P - a scroll of summoning {unknown}
Potions
 l - a potion of invisibility
 m - 2 potions of lignification
 w - a potion of mutation
 M - a potion of brilliance {unknown}
 Q - a potion of curing
Miscellaneous
 x - a tin of tremorstones (3/3)
Comestibles
 c - 2 rations


   Skills:
 + Level 8.6 Fighting
 - Level 10.0 Long Blades
 - Level 0.4 Throwing
 + Level 6.1 Armour
 + Level 5.2 Dodging
 * Level 7.5 Spellcasting
 * Level 3.6 Charms
 * Level 4.6 Necromancy
 + Level 6.2 Ice Magic
 + Level 4.5 Invocations
 + Level 1.0 Evocations


You had 17 spell levels left.
You knew the following spells:

 Your Spells              Type           Power        Failure   Level  Hunger
a - Ozocubu's Armour      Chrm/Ice       ####....     5%          3    ##.....
d - Vampiric Draining     Necr           ####......   6%          3    ##.....
r - Frozen Ramparts       Ice            ####..       3%          3    ##.....

Your spell library contained the following spells:

 Spells                   Type           Power        Failure   Level  Hunger
 Freeze                   Ice            ####         1%          1    None
 Animate Skeleton         Necr           N/A          2%          1    None
 Pain                     Necr           ####         2%          1    None
 Summon Small Mammal      Summ           #...         14%         1    None
 Animate Dead             Necr           N/A          22%         4    ####...
 Hailstorm                Conj/Ice       ###.....     36%         4    ####...
 Summon Ice Beast         Ice/Summ       ###.....     36%         4    ####...
 Agony                    Necr           ####....     52%         5    ######.
 Aura of Abjuration       Summ           #.........   99%         5    ######.
 Spellforged Servitor     Conj/Summ      #.........   100%        7    #######
 Chain Lightning          Conj/Air       #.........   100%        8    #######
 Lehudib's Crystal Spear  Conj/Erth      #.........   100%        8    #######
 Absolute Zero            Ice            ####......   100%        9    #######
 Fire Storm               Conj/Fire      #.........   100%        9    #######


Dungeon Overview and Level Annotations

Branches:
Dungeon (10/15)            Temple (1/1) D:7            Lair (1/6) D:9
    Orc: D:9-12

Altars:
Elyvilon
Nemelex Xobeh
Okawaru
Qazlal
Sif Muna
Trog
Xom
Zin

Shops:
D:6 :   D:7 %   D:8 ?   D:9 }

Annotations:
D:11 Snorg


Innate Abilities, Weirdness & Mutations

You cannot be hasted, slowed, berserked, paralysed or teleported.
You can dig through walls and to a lower floor.
Your four strong arms can wield two-handed weapons with a shield.
You have a pair of large antennae on your head. (SInv)
You have sharp fingernails.
You are very robust. (+20% HP)
Potions are less effective at restoring your health.


Message History

Casting: Vampiric Draining (mildly dangerous; 6% risk of failure)
Confirm with . or Enter, or press ? or * to list all spells.
Aiming: Vampiric Draining (mildly dangerous; 6% risk of failure)
Press: ? - help, Shift-Dir - straight line, f/p - Snorg
Aim: Snorg (almost dead, berserk)
You feel a surge of power!
Snorg is almost dead.
You feel life coursing into your body.
The frozen ramparts melt away.
Snorg misses you. x2; Snorg closely misses you.
Casting: Vampiric Draining (mildly dangerous; 6% risk of failure)
Confirm with . or Enter, or press ? or * to list all spells.
You feel a surge of power!
The walls around you are covered in ice.
The wall freezes Snorg.
Snorg bites you.
* * * LOW HITPOINT WARNING * * *
Snorg barely misses you. Snorg claws you but does no damage.
The wall freezes Snorg.
Snorg bites you.
* * * LOW HITPOINT WARNING * * *
Snorg claws you!
You die...

#......#
#..(...#
#..(...#
#...)..#
###....(.#
.........#
###.....(#
#..###T#
##..###@#
........#
##.......#
#.#####.#
#.# #.# #.
#.# { +.
#.#
#.#####.#


You could see Snorg (berserk).

Vanquished Creatures
  A centaur warrior (D:9)
  2 two-headed ogres (D:8)
  An ugly thing (D:11)
  A cyclops (D:8)
  A spiny frog (Lair:1)
  A komodo dragon (Lair:1)
  4 hippogriffs
  A wyvern (D:9)
  Eustachio (D:4)
  A basilisk (Lair:1)
  3 hungry ghosts
  Edmund (D:6)
  6 porcupines
  Duvessa (D:7)
  A water moccasin (D:9)
  An ice beast (D:8)
  3 orc warriors
  6 sky beasts
  3 eyes of draining
  A necrophage (D:10)
  8 ogres
  6 black bears
  7 centaurs
  6 phantoms
  2 big kobolds
  6 crocodiles
  9 bullfrogs
  Dowan (D:7)
  A wyvern skeleton (D:7)
  5 scorpions
  6 killer bees (D:10)
  4 wights (D:7)
  2 howler monkeys
  An electric eel (D:6)
  2 bullfrog zombies
  2 crimson imps
  2 quasits
  2 hounds
  3 jellies
  6 orc priests
  A centaur skeleton (D:9)
  6 orc wizards
  3 bullfrog skeletons
  3 iguanas
  13 worker ants
  Natasha (twice) (D:2)
  A hound skeleton (D:7)
  2 worker ant zombies
  6 gnolls
  2 howler monkey skeletons (D:6)
  9 adders
  3 shadow imps
  An ooze (D:3)
  2 adder skeletons
  3 worms
  4 leopard geckos
  28 orcs
  A ball python (D:6)
  3 bats
  4 giant cockroaches
  10 goblins
  10 hobgoblins
  10 jackals
  17 kobolds
  4 quokkas
  3 frilled lizards
  A giant cockroach zombie (D:6)
  A jackal skeleton (D:5)
  A leopard gecko zombie (D:5)
  4 quokka skeletons
  A quokka zombie (D:7)
  6 rats
286 creatures vanquished.

Vanquished Creatures (others)
  2 fungi (D:9)
  8 plants (D:9)
10 creatures vanquished.

Grand Total: 296 creatures vanquished

Notes
Turn   | Place    | Note
-------+----------+-------------------------------------------
     0 | Abyss:1  | Esekla the Formicid Abyssal Knight began the quest for the
                  | Orb.
     0 | Abyss:1  | Reached XP level 1. HP: 18/18 MP: 2/2
    65 | Abyss:3  | Found a corrupted altar of Lugonu.
    74 | Abyss:3  | Noticed a tentacled starspawn
    74 | Abyss:3  | Noticed a sixfirhy
    75 | D:1      | Escaped the Abyss
   176 | D:1      | Reached XP level 2. HP: 25/25 MP: 3/3
   218 | D:1      | Reached * piety under Lugonu
   218 | D:1      | Reached skill level 1 in Dodging
   644 | D:2      | Reached XP level 3. HP: 26/30 MP: 4/4
   904 | D:2      | Noticed Natasha
   928 | D:2      | Killed Natasha
   928 | D:2      | Reached XP level 4. HP: 19/37 MP: 4/6
  1050 | D:2      | Reached ** piety under Lugonu
  1091 | D:3      | Reached skill level 3 in Long Blades
  1990 | D:2      | Found a shimmering blue altar of Sif Muna.
  2143 | D:3      | Reached XP level 5. HP: 41/42 MP: 7/7
  2578 | D:3      | You fall into a shaft and drop 1 floor!
  2663 | D:2      | Noticed Natasha
  2671 | D:2      | Killed Natasha
  2926 | D:3      | Reached skill level 4 in Long Blades
  2926 | D:3      | Reached XP level 6. HP: 42/49 MP: 8/8
  3149 | D:4      | Reached *** piety under Lugonu
  3251 | D:4      | Upgraded the game from 0.25-a0-1007-g10a8c3caa8 to
                  | 0.25-a0-1024-gbfbf38f2cb
  3337 | D:4      | Found a sparkling altar of Nemelex Xobeh.
  3337 | D:4      | Found a glowing silver altar of Zin.
  3476 | D:4      | Noticed a phantom
  3538 | D:4      | Killed a phantom
  3538 | D:4      | Reached skill level 5 in Long Blades
  3538 | D:4      | Reached XP level 7. HP: 5/55 MP: 9/9
  4058 | D:4      | Noticed Eustachio
  4380 | D:4      | HP: 1/55 [river rat[Eustachio] (9)]
  4402 | D:4      | Killed Eustachio
  4402 | D:4      | Reached skill level 5 in Fighting
  4716 | D:4      | Reached skill level 6 in Long Blades
  4716 | D:4      | Reached XP level 8. HP: 63/63 MP: 0/10
  4813 | D:4      | Found a bloodstained altar of Trog.
  4896 | D:5      | Entered Level 5 of the Dungeon
  4945 | D:5      | Found an iron altar of Okawaru.
  5232 | D:5      | Reached skill level 7 in Long Blades
  5299 | D:5      | Found a shimmering altar of Xom.
  5846 | D:6      | Noticed Edmund
  5896 | D:6      | Killed Edmund
  6069 | D:6      | You fall into a shaft and drop 2 floors!
  6090 | D:8      | Noticed a hippogriff
  6108 | D:8      | Killed a hippogriff
  6108 | D:8      | Reached XP level 9. HP: 30/70 MP: 11/11
  6336 | D:9      | Noticed a centaur warrior
  6531 | D:8      | Found Xebuuf's Magic Scroll Shoppe.
  6575 | D:7      | Reached skill level 8 in Long Blades
  6719 | D:7      | Reached **** piety under Lugonu
  6848 | D:7      | Reached skill level 5 in Armour
  7045 | D:6      | Found a white marble altar of Elyvilon.
  7344 | D:6      | Learned a level 3 spell: Vampiric Draining
  7472 | D:6      | Found Peafaism's Book Emporium.
  7490 | D:6      | Bought a book of Frost for 385 gold pieces
  7494 | D:6      | Learned a level 3 spell: Frozen Ramparts
  7994 | D:6      | Reached skill level 9 in Long Blades
  7994 | D:6      | Reached skill level 1 in Spellcasting
  8189 | D:6      | Reached skill level 1 in Necromancy
  8342 | D:6      | Reached skill level 1 in Ice Magic
  8342 | D:6      | Reached XP level 10. HP: 66/79 MP: 13/13
  8611 | D:7      | Found a staircase to the Ecumenical Temple.
  8616 | D:7      | Identified the Compendium of the Cooper
  8752 | D:7      | Found Isim's Food Emporium.
  8823 | D:7      | Noticed Dowan
  8824 | D:7      | Noticed Duvessa
  8876 | D:7      | Killed Duvessa
  8889 | D:7      | Killed Dowan
  8903 | D:7      | Learned a level 3 spell: Ozocubu's Armour
  9262 | Temple   | Entered the Ecumenical Temple
  9842 | D:8      | Gained mutation: You possess an exceptional clarity of
                  | mind. [potion of mutation]
  9842 | D:8      | Gained mutation: You are somewhat resistant to further
                  | mutation. [potion of mutation]
 10035 | D:8      | Noticed a cyclops
 10532 | D:8      | Killed a cyclops
 10532 | D:8      | Reached skill level 1 in Charms
 10731 | D:8      | Identified the ring "Jiv Feid" {rF+ rN+ Int+5 Dex+3}
 10731 | D:8      | Noticed a two-headed ogre
 11286 | D:8      | Noticed a two-headed ogre
 11298 | D:8      | You fall into a shaft and drop 1 floor!
 11298 | D:9      | Found a staircase to the Lair.
 11298 | D:9      | Found Hippi's Gadget Boutique.
 11302 | D:9      | You fall into a shaft and drop 1 floor!
 11302 | D:10     | Entered Level 10 of the Dungeon
 11725 | D:9      | Reached ***** piety under Lugonu
 12122 | D:9      | Killed a centaur warrior
 12122 | D:9      | Reached XP level 11. HP: 50/84 MP: 9/18
 12152 | D:9      | Reached skill level 5 in Spellcasting
 12185 | D:9      | Reached skill level 10 in Long Blades
 12194 | D:9      | Reached skill level 1 in Evocations
 12499 | D:9      | Found an iron altar of Okawaru.
 12580 | Lair:1   | Entered Level 1 of the Lair of Beasts
 13011 | D:10     | Lost mutation: You possess an exceptional clarity of mind.
                  | [potion of mutation]
 13011 | D:10     | Lost mutation: You are somewhat resistant to further
                  | mutation. [potion of mutation]
 13011 | D:10     | Gained mutation: Your magical capacity is low. (-10% MP)
                  | [potion of mutation]
 13011 | D:10     | Gained mutation: Potions are less effective at restoring
                  | your health. [potion of mutation]
 13011 | D:10     | Gained mutation: You expend magic power (3 MP) to
                  | strengthen your wands. [potion of mutation]
 13011 | D:10     | Gained mutation: Your system is resistant to poisons.
                  | (rPois) [potion of mutation]
 13012 | D:10     | Lost mutation: Your magical capacity is low. (-10% MP)
                  | [potion of mutation]
 13012 | D:10     | Lost mutation: You expend magic power (3 MP) to strengthen
                  | your wands. [potion of mutation]
 13012 | D:10     | Lost mutation: Your system is resistant to poisons. (rPois)
                  | [potion of mutation]
 13012 | D:10     | Gained mutation: You are robust. (+10% HP) [potion of
                  | mutation]
 13012 | D:10     | Gained mutation: You have sharp fingernails. [potion of
                  | mutation]
 13012 | D:10     | Gained mutation: You are very robust. (+20% HP) [potion of
                  | mutation]
 13383 | D:8      | Bought a scroll of enchant armour for 105 gold pieces
 13383 | D:8      | Bought a scroll of brand weapon for 280 gold pieces
 13483 | D:8      | Killed a two-headed ogre
 13483 | D:8      | Reached skill level 5 in Ice Magic
 13860 | D:8      | Identified the +2 war axe "Ufiomo" {flame, +Inv}
 14000 | D:8      | Killed a two-headed ogre
 14368 | D:9      | Found a stormy altar of Qazlal.
 14717 | Lair:1   | Reached skill level 5 in Dodging
 15039 | Lair:1   | Noticed a seven-headed hydra
 15053 | Lair:1   | Reached XP level 12. HP: 42/112 MP: 17/22
 15518 | D:10     | Reached ****** piety under Lugonu
 15667 | D:10     | You fall into a shaft and drop 1 floor!
 15812 | Abyss:1  | Noticed a revenant
 15817 | D:11     | Escaped the Abyss
 16242 | D:11     | Noticed Snorg
 16264 | D:11     | Slain by Snorg

Illustrated notes

Levels and vault maps discovered:
D:1:      saegor_arrival_miasma, layout_rooms, nrook_loot_triangle,
          hangedman_glass_teeth, minmay_misc_feat_encased
D:2:      layout_basic, lemuel_blue_sif_altar, minivault_4, uniq_natasha
D:3:      layout_loops_ring, first_ration, kennysheep_another_room
D:4:      layout_rooms, gammafunk_temple_overflow_statue, hex_medium,
          trog_eyes_of_draining, uniq_eustachio
D:5:      layout_basic, lemuel_round_altar, basic_altar
D:6:      minmay_thinvault, layout_basic, elyvilon_altar_1, serial_shops, shop,
          corexii_shack, nrook_mini_backslash, serial_bayou_ford_a, nrook_uturn,
          uniq_edmund
D:7:      layout_rooms, minmay_temple_entry_offerings, serial_shops,
          nicolae_shop_statue_plus, uniq_duvessa
D:8:      minmay_the_grid_octo_tiled_squarecenter
          [minmay_the_grid_octo_thin_diamonds, minmay_the_grid_octo_odd_swirl,
          minmay_the_grid_octo_clover, minmay_the_grid_octo_concentric,
          minmay_the_grid_square_5x5_megaprize_diamond,
          minmay_the_grid_square_5x5_almost_minimal,
          minmay_the_grid_square_5x5_bracketed,
          minmay_the_grid_square_5x5_inverted_slash,
          minmay_the_grid_square_5x5_spiral], layout_gridville, serial_shops,
          shop
D:9:      layout_small_grid, nicolae_qazlal_general_emergency,
          minmay_lair_entry_grove, serial_shops, nicolae_shop_window_shopping,
          kennysheep_okawaru_gauntlet
D:10:     layout_cave_pools
D:11:     layout_stronghold, kennysheep_kite_vault, uniq_snorg, uniq_psyche
Temple:   regret_index_temple_sphere_string
Lair:1:   layout_cellular_growth

Skill      XL: |  1  2  3  4  5  6  7  8  9 10 11 12 |
---------------+-------------------------------------+-----
Dodging        | 1 2 3 4 5 |  5.2
Fighting       | 4 5 6 7 8 |  8.6
Long Blades    | 3 4 5 6 7 9 10 | 10.0
Invocations    | 3 4 |  4.5
Armour         | 3 4 6 |  6.1
Spellcasting   | 1 4 6 7 |  7.5
Necromancy     | 1 3 4 |  4.6
Ice Magic      | 1 3 5 6 |  6.2
Charms         | 2 3 |  3.6
Evocations     | 1 |  1.0
Throwing       | |  0.4

Action                   |  1- 3 |  4- 6 |  7- 9 | 10-12 || total
-------------------------+-------+-------+-------+-------++-------
Melee: Falchion          |    70 |   176 |   442 |   556 ||  1244
       Dagger            |       |     1 |       |     1 ||     2
Throw: Dart              |       |    33 |    54 |   105 ||   192
       Boomerang         |       |     4 |    27 |    24 ||    55
       Javelin           |       |       |       |    10 ||    10
 Cast: Frozen Ramparts   |       |       |       |    42 ||    42
       Ozocubu's Armour  |       |       |       |    21 ||    21
       Vampiric Draining |       |       |       |     8 ||     8
Invok: Depart the Abyss  |     1 |       |       |     1 ||     2
       Bend Space        |       |       |    11 |     8 ||    19
       Enter the Abyss   |       |       |       |     1 ||     1
 Abil: Shaft Self        |       |       |     1 |     3 ||     4
Evoke: Wand              |       |       |       |     7 ||     7
  Use: Scroll            |     2 |    11 |     6 |     6 ||    25
       Potion            |       |       |     4 |    15 ||    19
 Stab: Sleeping          |       |     1 |       |     1 ||     2
  Eat: Chunk             |       |     6 |     8 |    18 ||    32
       Ration            |       |     1 |     2 |     7 ||    10
Armor: Leather armour    |     7 |    50 |    70 |       ||   127
       Scale mail        |    23 |     2 |       |       ||    25
       Ring mail         |       |       |   111 |    14 ||   125
       Skin              |       |       |       |    52 ||    52
       Robe              |       |       |       |   138 ||   138
Dodge: Dodged            |    29 |   109 |   264 |   340 ||   742
       Rpst.: Falchion   |     8 |    32 |    79 |    92 ||   211

Table legend:
 A = Non-vault XP
 B = Vault XP
 C = Vault XP percentage of total XP
 D = Non-vault monster count
 E = Vault monster count
 F = Vault count percentage of total count
                 A         B        C        D         E       F
            +---------+---------+-------+---------+---------+-------
      Total |   11514 |    6921 |  37.5 |     225 |      61 |  21.3
            +---------+---------+-------+---------+---------+-------
        D:1 |      29 |       0 |   0.0 |      18 |       0 |   0.0
        D:2 |      77 |      35 |  31.2 |      17 |       1 |   5.6
        D:3 |     131 |       0 |   0.0 |      22 |       0 |   0.0
        D:4 |     319 |     490 |  60.6 |      10 |       5 |  33.3
        D:5 |     441 |       0 |   0.0 |      16 |       0 |   0.0
        D:6 |     354 |    1033 |  74.5 |       9 |      16 |  64.0
        D:7 |    1455 |     228 |  13.5 |      28 |       2 |   6.7
        D:8 |     859 |    3535 |  80.5 |      13 |      22 |  62.9
        D:9 |    2711 |    1600 |  37.1 |      48 |      15 |  23.8
       D:10 |    2187 |       0 |   0.0 |      29 |       0 |   0.0
       D:11 |    1068 |       0 |   0.0 |       5 |       0 |   0.0
     Lair:1 |    1883 |       0 |   0.0 |      10 |       0 |   0.0
            +---------+---------+-------+---------+---------+-------
